Map: 2000 Atmospheres LE

Players

Namshar - Winner!

  • Race: Zerg Zerg

Antis

  • Race: Zerg Zerg

Event: DreamHack SC2 Masters 2021 Fall

VOD

Have the link to the VOD?

Description

Time

  • Played on: Aug. 7, 2021, 5:12 p.m.
  • Length: 6:47

All games in this series

Show
View Real Time Build Order
Export as new Build Order

Namshar Zerg - Winner!

Build Orders: Hatch First 

Get SALT Encoding   

  12  0:00  Drone  
  13  0:12  Overlord  
  13  0:17  Drone  
  14  0:30  Drone x2  
  16  0:47  Hatchery  
  15  0:51  Drone  
  15  0:55  Drone  
  17  0:57  Drone  
  18  1:09  Extractor  
  17  1:12  Spawning Pool  
  17  1:16  Drone  
  17  1:19  Drone  
  18  1:27  Drone  
  19  1:38  Drone  
  20  1:49  Drone  
  21  1:59  Queen x2, Zergling x2  
  21  2:00  Overlord  
  26  2:10  Drone  
  26  2:11  Metabolic Boost, Drone  
  28  2:21  Drone x2  
  30  2:31  Zergling x2  
  30  2:32  Drone  
  32  2:37  Hatchery  
  32  2:42  Drone  
  32  2:48  Baneling Nest  
  31  2:53  Drone, Overlord  
  31  2:55  Drone  
  33  3:04  Drone x2, Evolution Chamber  
  34  3:09  Drone x2  
  34  3:12  Drone  
  37  3:13  Drone  
  37  3:14  Drone  
  37  3:15  Drone  
  37  3:19  Drone  
  41  3:21  Zergling x2  
  42  3:28  Queen  
  42  3:31  Overlord  
  44  3:40  Zerg Ground Armor Level 1  
  43  3:50  Zergling x14  
  50  3:56  Baneling  
  50  4:04  Zergling x4  
  50  4:05  Zergling x4  
  53  4:10  Roach Warren  
  53  4:13  Drone x5  
  57  4:17  Extractor  
  57  4:18  Extractor  
  57  4:23  Baneling  
  55  4:25  Drone x3  
  57  4:43  Overlord x4  
  53  4:53  Overlord x2  
  53  4:56  Drone x2  
  55  5:05  Roach x8  
  71  5:13  Roach x4  
  79  5:25  Roach x2  
  79  5:27  Zergling x10  
  88  5:33  Zergling x2  
  88  5:34  Zergling x6  
  92  5:43  Overlord x2  
  92  5:45  Baneling x8  
  92  5:48  Baneling  
  92  5:49  Baneling x2  
  92  5:52  Baneling  
  90  6:07  Baneling x3  
  90  6:08  Zergling x20  
  95  6:17  Zergling x10  
  88  6:27  Zergling x6  
Show
View Real Time Build Order
Export as new Build Order

Antis Zerg 

Build Orders: Hatch First 

Get SALT Encoding   

  12  0:00  Drone  
  13  0:12  Overlord  
  13  0:18  Drone  
  14  0:31  Drone x2  
  16  0:49  Hatchery  
  15  0:52  Drone  
  15  0:55  Drone  
  17  0:58  Drone  
  18  1:09  Extractor  
  17  1:13  Spawning Pool  
  17  1:16  Drone  
  17  1:20  Drone  
  18  1:29  Drone  
  19  1:39  Drone  
  20  1:50  Drone  
  21  2:00  Overlord  
  21  2:01  Queen x2  
  21  2:02  Zergling x2  
  26  2:13  Metabolic Boost, Drone x2  
  29  2:22  Drone  
  29  2:29  Drone  
  30  2:40  Hatchery  
  30  2:42  Drone x2  
  31  2:45  Baneling Nest  
  31  2:48  Drone x2  
  34  2:59  Zergling x2  
  34  3:01  Overlord  
  33  3:07  Overlord  
  33  3:10  Zergling x2  
  33  3:11  Zergling x4  
  36  3:19  Drone x2  
  38  3:21  Drone x3  
  41  3:27  Drone x2  
  41  3:29  Queen  
  41  3:30  Baneling  
  45  3:39  Drone  
  46  3:43  Drone x4  
  46  3:45  Evolution Chamber  
  46  3:46  Drone  
  49  3:56  Drone x5  
  49  4:02  Zergling x2  
  55  4:09  Extractor  
  54  4:10  Roach Warren  
  54  4:14  Zergling x6, Zerg Missile Weapons Level 1  
  55  4:19  Overlord  
  55  4:20  Zergling x2  
  55  4:21  Zergling x4  
  58  4:25  Lair  
  58  4:26  Baneling  
  58  4:36  Zergling x4  
  58  4:41  Zergling x6  
  58  4:44  Drone x2  
  61  4:52  Drone x3  
  64  4:54  Overlord  
  64  4:56  Overlord  
  64  5:01  Drone x2, Evolution Chamber  
  65  5:08  Drone  
  65  5:11  Overlord  
  65  5:14  Drone x4  
  70  5:20  Baneling x2  
  70  5:26  Extractor  
  70  5:27  Drone x6  
  75  5:29  Extractor  
  75  5:33  Roach  
  75  5:34  Overlord  
  75  5:37  Spine Crawler x3  
  75  5:38  Roach  
  75  5:39  Spine Crawler  
  75  5:41  Roach  
  77  5:44  Roach x3  
  77  5:48  Extractor  
  82  5:51  Roach x2  
  82  5:56  Roach  
  84  6:04  Roach  
  84  6:05  Roach x3  
  84  6:08  Roach  
  82  6:12  Roach  
  80  6:21  Roach  
  80  6:22  Roach  
  80  6:25  Roach  

Tags
 
Add a new tag
Caveats
  • Supply blocks, unpowered buildings, or Contaminate may cause inaccurate times.
  • Supply counts are checked every 10 seconds.